 Dungeon Crawl Stone Soup version 0.31.0 (webtiles) character file.

Game seed: 14220375782479922002

113 qw the Shooter (level 4, -4/28 HPs)
             Began as a Gargoyle Hunter on Jan 19, 2024.
             Slain by a ribbon worm (5 damage)
             ... on level 2 of the Dungeon.
             The game lasted 00:00:03 (1170 turns).

qw the Shooter (Gargoyle Hunter)                    Turns: 1170, Time: 00:00:04

Health: -4/28      AC:  6    Str: 14    XL:     4   Next: 96%
Magic:  4/4        EV: 11    Int: 10    God:
Gold:   35         SH:  0    Dex: 15    Spells: 3/3 levels left

rFire   . . .        a - +1 shortbow
rCold   . . .        (shield currently unavailable)
rNeg    + . .        c - +0 leather armour
rPois   inf          (no helmet)
rElec   +            (no cloak)
rCorr   .            (no gloves)
SInv    .            (no boots)
Will    .....        (no amulet)
Stlth   ++           (no ring)
HPRegen 0.24/turn    (no ring)
MPRegen 0.09/turn

%: no passive effects
@: about to teleport
A: sickness immunity, AC +3, negative energy resistance 1, electricity
resistance, torment resistance 1, petrification resistance
a: no special abilities


You were on level 2 of the Dungeon.
You visited 1 branch of the dungeon, and saw 2 of its levels.

You collected 35 gold pieces.


Innate Abilities, Weirdness & Mutations

You are immune to sickness and miasma.
Your stone body is resilient. (AC +3)
You are immune to poison.
You resist negative energy. (rN+)
You are resistant to electric shocks. (rElec)
You are resistant to unholy torment.
You are immune to petrification.


   Skills:
 - Level 3.3 Fighting
 + Level 5.6 Ranged Weapons
 - Level 1.5 Dodging
 - Level 1.1 Stealth


You had 3 spell levels left.
You didn't know any spells.
Your spell library was empty.

Inventory:

Hand Weapons
 a - a +1 shortbow (weapon)
Armour
 c - a +0 leather armour (worn)
Jewellery
 b - a +5 ring of evasion
 e - a ring of fire

Dungeon Overview and Level Annotations

Branches:
Dungeon (2/15)

Altars:

Shops:
D:2 [


Message History

You kill the adder!
The ribbon worm bites you.
You shoot an arrow. The arrow hits the ribbon worm.
The ribbon worm is lightly wounded.
The ribbon worm bites you.
You shoot an arrow. The arrow hits the ribbon worm.
The ribbon worm is lightly wounded.
The ribbon worm misses you.
You shoot an arrow.
The arrow completely misses the ribbon worm.
The ribbon worm bites you.
You shoot an arrow. The arrow hits the ribbon worm.
The ribbon worm is lightly wounded.
You shoot an arrow. The arrow hits the ribbon worm.
The ribbon worm is moderately wounded.
The ribbon worm bites you.
You shoot an arrow.
The arrow hits the ribbon worm but does no damage.
The ribbon worm is moderately wounded.
The ribbon worm expels a string of sticky webbing.
The stream of webbing hits you but does no damage.
You are caught in a web!
You struggle to detach yourself from the web.
The ribbon worm bites you.
The web tears apart.
The ribbon worm bites you!
You shoot an arrow.
The arrow barely misses the ribbon worm.
The ribbon worm bites you.
You shoot an arrow. The arrow hits the ribbon worm!
The ribbon worm is heavily wounded.
The ribbon worm bites you.
1169 ||| READING scroll of teleportation.
As you read the scroll of teleportation, it crumbles to dust.
You feel strangely unstable. The ribbon worm bites you.
You shoot an arrow. The arrow hits the ribbon worm.
The ribbon worm is severely wounded.
The ribbon worm bites you.
You die...

.................
.........)######
......###..#
......####.#
......#....#
........#..##
######......##
#..#.#..##
#.......@#
#..#.#.#.w#
#.....#....#
#..#.#.#.#...
#............#
#).#.. ....#.#
#..... .......
.#. .....#.#.


You could see a ribbon worm.

Vanquished Creatures
  Jessica (D:1)
  Natasha (D:1)
  2 adders (D:2)
  A dart slug (D:2)
  A bat (D:2)
  7 endoplasms
  4 giant cockroaches (D:1)
  A hobgoblin (D:1)
  6 jackals (D:1)
  4 ball pythons
  A frilled lizard (D:1)
  3 goblins
  4 kobolds
  3 rats
39 creatures vanquished.

Notes
Turn   | Place    | Note
-------+----------+-------------------------------------------
     0 | D:1      | qw the Gargoyle Hunter began the quest for the Orb.
     0 | D:1      | Reached XP level 1. HP: 12/12 MP: 1/1
     0 | D:1      | 0 ||| qw: Version: 0.3-a-132-g3d54051
     0 | D:1      | 0 ||| qw: Game counter: 37
     0 | D:1      | 0 ||| qw: Melee chars always use a shield: true
     0 | D:1      | 0 ||| qw: God list: Okawaru
     0 | D:1      | 0 ||| qw: Allow faded altars: false
     0 | D:1      | 0 ||| qw: Do Orc after clearing Dungeon:15 true
     0 | D:1      | 0 ||| qw: Do second Lair branch before Depths: true
     0 | D:1      | 0 ||| qw: Lair rune preference: random
     0 | D:1      | 0 ||| qw: Goals: Normal
     0 | D:1      | 0 ||| PLANNING D:1-11
   163 | D:1      | Reached XP level 2. HP: 12/17 MP: 2/2
   503 | D:1      | Reached XP level 3. HP: 21/21 MP: 3/3
   655 | D:1      | Reached skill level 5 in Ranged Weapons
   957 | D:1      | 957 ||| READING scroll labelled IQINEA ZIOSE.
   957 | D:1      | 957 ||| ENCHANTING +0 shortbow.
   958 | D:1      | 958 ||| READING 2 scrolls labelled OKKIT NAOB.
   961 | D:1      | 961 ||| DROPPING scroll of butterflies.
   983 | D:2      | Noticed Jessica
   986 | D:2      | Noticed Natasha
   989 | D:2      | 989 ||| STAIRDANCE
   997 | D:1      | Killed Jessica
   998 | D:1      | Reached skill level 3 in Fighting
   998 | D:1      | Reached XP level 4. HP: 28/28 MP: 4/4
  1013 | D:2      | 1013 ||| STAIRDANCE
  1016 | D:1      | Killed Natasha
  1064 | D:2      | Found Zoray's Antique Armour Boutique.
  1080 | D:2      | 1080 ||| SHOPLISTING pair of gloves (99 gold, have 28).
  1080 | D:2      | 1080 ||| SHOPLISTING warped robe (125 gold, have 28).
  1168 | D:2      | HP: 4/28 [ribbon worm (5)]
  1169 | D:2      | 1169 ||| READING scroll of teleportation.
  1169 | D:2      | HP: 1/28 [ribbon worm (4)]
  1170 | D:2      | Slain by a ribbon worm

Levels and vault maps discovered:
D:1:      dpeg_arrival_rooms_c, layout_basic, dk_noncrumbling_2
D:2:      layout_basic, serial_shops, shop, dreamdust_ecumenical_altar_statues,
          basic_altar, hangedman_decor_riveting, uniq_jessica,
          uniq_crazy_yiuf_cottage, uniq_natasha

Skill      XL: |  1  2  3 |
---------------+----------+-----
Ranged Weapons | 5 |  5.6
Fighting       | 3 |  3.3
Dodging        | |  1.5
Stealth        | |  1.1

Action                     |  1- 3 |  4- 6 || total
---------------------------+-------+-------++-------
   Fire: Shortbow          |    77 |    40 ||   117
    Use: Scroll            |     2 |     1 ||     3
 Armour: Leather armour    |    18 |    21 ||    39
  Dodge: Dodged            |    27 |    10 ||    37

Table legend:
 A = Non-vault XP
 B = Vault XP
 C = Vault XP percentage of total XP
 D = Non-vault monster count
 E = Vault monster count
 F = Vault count percentage of total count
                 A         B        C        D         E       F
            +---------+---------+-------+---------+---------+-------
      Total |      89 |      73 |  45.1 |      37 |       2 |   5.1
            +---------+---------+-------+---------+---------+-------
        D:1 |      46 |      73 |  61.3 |      27 |       2 |   6.9
        D:2 |      43 |       0 |   0.0 |      10 |       0 |   0.0
            +---------+---------+-------+---------+---------+-------
